AoeStats
← JamesNewstedd

Arena

508013051Analyzed
4v4 RM · 12d ago on Sep 20, 2026· 76m 8s· 8 players
Game mode
Random Map
Map size
Large (8 player)
Population
200
Speed
Normal
Resources
Standard
Victory
Conquest
Starting age
Dark Age
Ending age
Imperial Age
RankedLock teamsTeams togetherTeam positionsShared explorationLock speedFull tech treeHidden civsTurbo modeCheats
Victory
Defeat
🇩🇪 Muisca · Germany
1590
+10
🇩🇪 Byzantines · Germany
1563
+11
🇩🇪 Khmer · Germany
1455
+15
🇩🇪 Celts · Germany
1427
+16
🇺🇦 Italians · Ukraine
1526
-16
🇩🇪 Bohemians · Germany
1476
-14
🇬🇧 Maya · United Kingdom
1429
-12
🇷🇺 Malay · Russia
1354
-10
AncientKing
10:47 Feudal Age
15:09 Castle Age
13:39 Double-Bit Axe
14:14 Loom
14:50 Town Watch
24:40 Wheelbarrow
24:41 Horse Collar
29:48 Imperial Age
28:35 Hand Cart
29:24 Chemistry
28:54 Fervor
29:19 Fortified Wall
30:38 Bow Saw
33:54 Padded Archer Armor
33:57 Houfnice
35:33 Siege Engineers
35:46 Leather Archer Armor
34:56 Elite Skirmisher
38:30 Ring Archer Armor
38:22 Ballistics
40:12 Scale Mail Armor
39:45 Pikeman
40:26 Squires
40:39 Forging
40:20 Treadmill Crane
40:51 Masonry
41:05 Conscription
40:37 Halberdier
41:52 Chain Mail Armor
42:54 Iron Casting
42:41 Wagenburg Tactics
43:28 Architecture
44:32 Plate Mail Armor
45:03 Blast Furnace
48:28 Two-Man Saw
56:30 Caravan
58:03 Capped Ram
60:19 Heavy Plow
61:37 Bombard Tower
66:16 Coinage
jude
10:27 Feudal Age
14:03 Castle Age
11:51 Double-Bit Axe
11:47 Horse Collar
15:01 Bow Saw
22:02 Wheelbarrow
21:14 Town Watch
21:14 Loom
21:32 Heavy Plow
26:11 Imperial Age
24:16 Padded Archer Armor
24:32 Gold Mining
25:24 Leather Archer Armor
28:13 Chemistry
27:44 Ring Archer Armor
27:20 Stone Mining
27:48 Hand Cart
31:11 Masonry
30:41 Treadmill Crane
32:42 Conscription
32:34 Pirotechnia
33:01 Fletching
33:47 Bodkin Arrow
34:24 Architecture
34:15 Ballistics
33:48 Elite Genoese Crossbowman
35:19 Thumb Ring
37:11 Scale Mail Armor
37:12 Bracer
37:19 Pikeman
37:59 Squires
38:52 Chain Mail Armor
38:48 Forging
39:58 Scale Barding Armor
41:27 Light Cavalry
42:17 Bloodlines
42:08 Husbandry
42:29 Chain Barding Armor
42:45 Iron Casting
43:35 Hoardings
44:07 Plate Barding Armor
43:13 Hussar
46:52 Blast Furnace
46:22 Plate Mail Armor
46:29 Coinage
55:13 Fortified Wall
54:57 Crossbowman
55:55 Arbalester
56:06 Arbalester
tima_1999
11:11 Feudal Age
16:06 Castle Age
14:48 Double-Bit Axe
14:43 Horse Collar
17:06 Wheelbarrow
16:43 Bow Saw
17:41 Heavy Plow
19:43 Gold Mining
20:32 Wheelbarrow
21:32 Loom
26:46 Imperial Age
24:42 Redemption
24:49 Pikeman
25:58 Sanctity
27:24 Block Printing
28:28 Illumination
30:19 Atonement
31:57 Fletching
31:57 Crossbowman
32:43 Bodkin Arrow
45:54 Scale Barding Armor
46:01 Forging
65:26 Halberdier
68:26 Town Watch
69:33 Iron Casting
69:27 Squires
iKonnik
0:26 Loom
10:12 Feudal Age
14:05 Castle Age
11:59 Double-Bit Axe
12:27 Horse Collar
14:21 Wheelbarrow
15:00 Bow Saw
21:33 Heavy Plow
22:49 Gold Mining
22:49 Stone Mining
23:42 Hand Cart
24:27 Town Watch
25:52 Fletching
26:03 Padded Archer Armor
28:51 Imperial Age
27:23 Bodkin Arrow
28:18 Leather Archer Armor
27:23 Crossbowman
28:09 Thumb Ring
29:51 Ballistics
29:02 Arbalester
29:03 Elite Skirmisher
29:51 Bracer
32:40 Chemistry
33:53 Ring Archer Armor
34:08 Scale Mail Armor
34:19 Forging
35:33 Chain Mail Armor
35:41 Conscription
35:25 Squires
34:46 Eagle Warrior
35:12 Arson
36:56 Holcans
37:03 Hoardings
37:06 Iron Casting
36:01 Elite Eagle Warrior
40:41 Blast Furnace
40:14 Plate Mail Armor
40:45 Blast Furnace
45:09 Caravan
44:38 Pikeman
45:26 Halberdier
47:59 Elite Skirmisher
54:28 Hul'che Javelineers
54:44 Masonry
54:30 Murder Holes
54:45 Fortified Wall
54:27 Guard Tower
67:17 Keep
67:18 Architecture
66:29 Treadmill Crane
70:13 Onager
105er.G0ldenFir3
9:33 Feudal Age
10:59 Feudal Age
11:34 Double-Bit Axe
11:53 Horse Collar
14:28 Castle Age
15:30 Bow Saw
15:39 Heavy Plow
18:52 Gold Mining
25:00 Imperial Age
23:17 Wheelbarrow
22:29 Loom
23:29 Scale Mail Armor
23:47 Stone Mining
24:35 Gold Shaft Mining
24:48 Hand Cart
24:58 Chain Mail Armor
24:47 Squires
26:20 Plate Mail Armor
26:46 Herbal Medicine
26:55 Fletching
27:18 Forging
27:40 Town Watch
28:59 Iron Casting
29:19 Conscription
28:38 Crossbowman
29:10 Fletching
33:30 Two-Man Saw
31:51 Arbalester
33:30 Conscription
33:10 Herbalism
33:47 Ballistics
34:28 Chemistry
34:08 Onager
35:09 Onager
36:19 Siege Onager
38:18 Siege Engineers
39:26 Thumb Ring
39:17 Bodkin Arrow
40:34 Crop Rotation
39:45 Elite Skirmisher
41:32 Elite Skirmisher
42:13 Bracer
42:13 Padded Archer Armor
41:58 Treadmill Crane
42:28 Masonry
44:25 Leather Archer Armor
57:44 Capped Ram
76:00 Sanctity
JamesNewstedd
10:52 Feudal Age
14:54 Castle Age
13:05 Horse Collar
13:39 Double-Bit Axe
15:55 Bow Saw
17:00 Gold Mining
18:27 Wheelbarrow
24:12 Imperial Age
22:44 Loom
23:39 Fletching
26:57 Two-Man Saw
27:59 Chemistry
27:06 Bodkin Arrow
30:45 Heavy Plow
31:35 Hand Cart
32:07 Gold Shaft Mining
32:06 Conscription
32:03 Bracer
31:47 Treadmill Crane
32:27 Ballistics
33:15 Caravan
34:39 Padded Archer Armor
35:39 Guilds
36:05 Leather Archer Armor
36:56 Hoardings
37:05 Crop Rotation
36:19 Elite Skirmisher
37:05 Thumb Ring
39:05 Coinage
39:50 Elite Cataphract
40:42 Logistica
40:42 Scale Barding Armor
41:07 Ring Archer Armor
40:48 Forging
42:24 Banking
45:39 Chain Barding Armor
45:54 Iron Casting
45:20 Husbandry
44:41 Light Cavalry
46:30 Stone Mining
49:03 Plate Barding Armor
59:56 Fortified Wall
59:33 Arrowslits
61:44 Guard Tower
105er.DarkSheep
11:02 Feudal Age
15:27 Castle Age
13:22 Double-Bit Axe
13:43 Horse Collar
15:21 Scale Mail Armor
16:22 Bow Saw
18:44 Man-at-Arms
21:27 Long Swordsman
22:05 Gambesons
23:15 Forging
22:38 Pikeman
24:11 Chain Mail Armor
25:41 Wheelbarrow
26:44 Iron Casting
26:13 Loom
28:40 Hand Cart
28:38 Loom
32:35 Gold Mining
32:36 Stone Mining
35:10 Heavy Plow
35:55 Fortified Wall
36:29 Masonry
39:16 Imperial Age
41:05 Imperial Age
38:28 Town Watch
43:56 Imperial Age
43:47 Fletching
53:33 Caravan
55:04 Light Cavalry
55:45 Husbandry
56:44 Scale Barding Armor
56:33 Hussar
58:14 Blast Furnace
59:09 Chain Barding Armor
61:04 Coinage
62:16 Heavy Scorpion
63:58 Chemistry
64:21 Banking
64:31 Siege Engineers
67:34 Gold Shaft Mining
66:58 Capped Ram
68:00 Furor Celtica
68:10 Conscription
68:40 Siege Ram
73:36 Guilds
73:31 Treadmill Crane
74:12 Ballistics
74:17 Bodkin Arrow
105er.James Newstedd
10:00 Feudal Age
13:13 Castle Age
11:37 Double-Bit Axe
11:39 Horse Collar
17:10 Bow Saw
19:28 Heavy Plow
22:05 Gold Mining
23:55 Gold Shaft Mining
23:36 Scale Barding Armor
23:41 Forging
24:30 Bloodlines
24:21 Husbandry
25:06 Wheelbarrow
26:20 Chain Barding Armor
26:35 Iron Casting
29:58 Imperial Age
27:14 Loom
27:45 Hand Cart
27:15 Town Watch
27:57 Devotion
27:30 Light Cavalry
30:17 Town Patrol
30:05 Cavalier
30:41 Heavy Scorpion
32:14 Plate Barding Armor
32:41 Blast Furnace
35:11 Stone Mining
37:32 Conscription
37:13 Double Crossbow
37:35 Hussar
46:55 Chemistry
46:15 Ballistics
46:01 Siege Engineers
46:27 Caravan
63:11 Fletching
63:36 Fortified Wall
63:37 Masonry
65:33 Sappers
Connection lost

Rejoining the realm…

Still unreachable

The connection could not be restored.

Session expired

The server has moved on; the page needs a fresh start.